 Dungeon Crawl Stone Soup version 0.19-a0-866-ga8d832c (webtiles) character file.

46 IDKthis2c the Magician (level 3, -9/19 HPs)
             Began as a Deep Elf Wizard on July 3, 2016.
             Killed from afar by Ijyb (28 damage)
             ... with a wand of lightning
             ... on level 2 of the Dungeon.
             The game lasted 00:15:47 (1083 turns).

IDKthis2c the Magician (Deep Elf Wizard)            Turns: 1083, Time: 00:15:47

Health: -9/19      AC:  3    Str:  4    XL:     3   Next: 46%
Magic:  9/12       EV: 13    Int: 23    God:
Gold:   49         SH:  0    Dex: 13    Spells: 6 memorised, 1 level left

rFire  . . .     SeeInvis .     (no weapon)
rCold  . . .     Gourm    .     a - +0 robe
rNeg   . . .     Faith    .     (no shield)
rPois  .         Spirit   .     b - +1 hat
rElec  .         Dismiss  .     (no cloak)
rCorr  .         Reflect  .     (no gloves)
SustAt .         Harm     .     (no boots)
MR     .....                    (no amulet)
Stlth  ++........               (no ring)
                                (no ring)

@: not resistant to hostile enchantments, unstealthy
A: no striking features
a: no special abilities


You were on level 2 of the Dungeon.
You were not hungry.

You visited 1 branch of the dungeon, and saw 2 of its levels.

You collected 49 gold pieces.

Inventory:

Armour
 a - a +0 robe (worn)
 b - a +1 hat (worn)
Scrolls
 f - 2 scrolls of enchant armour
 i - a scroll of immolation {unknown}
 j - a scroll of identify {unknown}
Potions
 e - a potion of beneficial mutation {unknown}
 g - a potion of ambrosia {unknown}
 l - a potion of magic {unknown}
Books
 c - a book of Minor Magic

   Spells                             Type                      Level
   a - Magic Dart                     Conjuration                  1
   b - Blink                          Translocation                2
   c - Call Imp                       Summoning                    2
   d - Repel Missiles                 Charms/Air                   2
   e - Slow                           Hexes                        2
   f - Conjure Flame                  Conjuration/Fire             3
   g - Mephitic Cloud                 Conjuration/Poison/Air       3
Comestibles
 d - a bread ration
 h - a royal jelly
 k - a meat ration


   Skills:
 + Level 2.8 Dodging
 + Level 2.8 Stealth
 + Level 5.5 Spellcasting
 + Level 1.7 Conjurations
 + Level 1.1 Summonings
 + Level 1.1 Translocations
 + Level 0.2 Fire Magic


You had one spell level left.
You knew the following spells:

 Your Spells              Type           Power        Failure   Level  Hunger
a - Magic Dart            Conj           ##..         4%          1    None
b - Call Imp              Summ           ##......     12%         2    None
c - Blink                 Tloc           N/A          12%         2    None
d - Repel Missiles        Chrm/Air       #.....       17%         2    None
e - Slow                  Hex            #.......     17%         2    None
f - Conjure Flame         Conj/Fire      ##......     21%         3    ##.....


Dungeon Overview and Level Annotations

Branches:
Dungeon (2/15)

Altars:

Annotations:
D:2 Ijyb


Message History

There is a stone staircase leading up here.
Magic restored.
l - a bubbling amethyst potion
Found a stone staircase leading down.
Found 11 arrows.
Ijyb the Twisted Goblin comes into view.
Casting: Magic Dart
Confirm with . or Enter, or press ? or * to list all spells.
Aiming: Magic Dart
Press: ? - help, Shift-Dir - straight line, f - Ijyb
Aim: Ijyb (resting)
The magic dart hits Ijyb.
Ijyb is lightly wounded.
Ijyb shouts!
Casting: Magic Dart
Confirm with . or Enter, or press ? or * to list all spells.
A beastly little devil appears in a puff of frigid air.
Ijyb zaps a wand.
The bolt of lightning hits you!
Ouch! That really hurt!
You die...

.. ... .... #+
##....###### . #.#+#
##............ #.#....
...# .#####<##
#(.....####..##.#<......
#..............#####.##
#..$..@##......#.....#
#......##....#.#.#####
#...5.###......#.#
...>.#. ##.#####.#
##!..#. #.......# ### #g
######### .. ##


You could see Ijyb and a friendly white imp.

Vanquished Creatures
  An adder (D:1)
  A dart slug (D:1)
  4 giant geckos
  A bat (D:1)
  A giant cockroach (D:1)
  2 goblins (D:1)
  2 jackals (D:1)
  A ball python (D:1)
  6 giant newts (D:1)
  6 kobolds (D:1)
  8 rats (D:1)
33 creatures vanquished.

Vanquished Creatures (collateral kills)
  A dart slug (D:1)
  A bat (D:1)
  A goblin (D:1)
3 creatures vanquished.

Grand Total: 36 creatures vanquished

Notes
Turn   | Place    | Note
-------+----------+-------------------------------------------
     0 | D:1      | IDKthis2c the Deep Elf Wizard began the quest for the Orb.
     0 | D:1      | Reached XP level 1. HP: 10/10 MP: 7/7
   302 | D:1      | Reached XP level 2. HP: 13/15 MP: 2/9
   306 | D:1      | Learned a level 2 spell: Call Imp
   309 | D:1      | Learned a level 2 spell: Blink
   312 | D:1      | Learned a level 2 spell: Repel Missiles
   315 | D:1      | Learned a level 2 spell: Slow
   375 | D:1      | Reached skill level 5 in Spellcasting
   540 | D:1      | Reached XP level 3. HP: 19/19 MP: 6/11
   545 | D:1      | Learned a level 3 spell: Conjure Flame
  1081 | D:2      | Noticed Ijyb
  1083 | D:2      | Killed from afar by Ijyb

Vault maps used:
D:1:      lightli_arrival_boilingwater, serial_forest,
          infiniplex_forest_lined_room_2, infiniplex_forest_3_way,
          infiniplex_forest_straight_2, infiniplex_forest_clump_curved,
          infiniplex_forest_lined_4_way, infiniplex_forest_clump_double,
          infiniplex_forest_lined_2, infiniplex_forest_clump_curved,
          minmay_tripent
D:2:      uniq_iyjb, uniq_jessica

Skill      XL: |  1  2 |
---------------+-------+-----
Spellcasting   | 5 |  5.5
Dodging        | |  2.8
Stealth        | |  2.8
Conjurations   | |  1.7
Summonings     | |  1.1
Translocations | |  1.1
Fire Magic     | |  0.2

Action                   || total
-------------------------++-------
Melee: Unarmed           ||     5
 Cast: Magic Dart        ||    64
       Call Imp          ||     3
       Conjure Flame     ||     1
  Use: Scroll            ||     3
Armor: Robe              ||     7
Dodge: Dodged            ||    10
